AoeStats
← 化学炼金法Al+Cu→Au+Cl

Arena

510079265Analyzed
4v4 RM · 4d ago on Sep 29, 2026· 37m 14s· 8 players
Game mode
Random Map
Map size
Large (8 player)
Population
200
Speed
Normal
Resources
Standard
Victory
Conquest
Starting age
Dark Age
Ending age
Imperial Age
RankedLock teamsTeams togetherTeam positionsShared explorationLock speedFull tech treeHidden civsTurbo modeCheats
Victory
Defeat
🇨🇳 Spanish · China
1142
+13
🇪🇸 Hindustanis · Spain
1137
+13
🇨🇳 Vietnamese · China
1096
+15
🇨🇳 Japanese · China
1073
+16
🇨🇳 Vikings · China
1185
-19
1101
-15
1028
-12
🇨🇳 Spanish · China
996
-11
3122521604
11:02 Feudal Age
15:00 Castle Age
12:59 Horse Collar
15:51 Double-Bit Axe
16:18 Loom
26:13 Imperial Age
24:31 Heavy Plow
25:42 Padded Archer Armor
26:56 Bloodlines
33:14 Light Cavalry
33:55 Husbandry
35:19 Forging
35:15 Scale Barding Armor
36:41 Iron Casting
35:28 Hussar
Ace
8:47 Loom
11:37 Feudal Age
13:32 Double-Bit Axe
16:03 Castle Age
13:59 Horse Collar
18:02 Bow Saw
24:45 Wheelbarrow
24:32 Heavy Plow
29:02 Imperial Age
26:52 Husbandry
27:34 Hand Cart
27:18 Gold Mining
27:18 Stone Mining
28:38 Bloodlines
29:34 Scale Barding Armor
29:39 Forging
30:44 Gold Shaft Mining
30:47 Stone Shaft Mining
30:36 Chain Barding Armor
31:43 Two-Man Saw
30:18 Heavy Camel Rider
31:39 Murder Holes
34:06 Plate Barding Armor
34:06 Iron Casting
33:11 Pikeman
33:52 Squires
33:37 Arson
33:55 Scale Mail Armor
34:16 Grand Trunk Road
34:37 Conscription
35:11 Imperial Camel Rider
35:59 Light Cavalry
37:45 Devotion
Big哥
12:10 Feudal Age
19:42 Castle Age
21:24 Horse Collar
22:23 Double-Bit Axe
26:12 Heavy Plow
27:12 Fletching
27:23 Padded Archer Armor
27:19 Stone Mining
27:29 Gold Mining
28:47 Wheelbarrow
29:20 Bodkin Arrow
29:41 Leather Archer Armor
30:31 Elite Skirmisher
33:54 Imperial Age
31:41 Hand Cart
32:50 Bow Saw
34:35 Bracer
35:06 Ring Archer Armor
34:31 Imperial Skirmisher
36:54 Paper Money
36:47 Heated Shot
37:21 Ballistics
38:30 Two-Man Saw
Money Lin
10:39 Feudal Age
16:26 Castle Age
18:30 Horse Collar
20:16 Heavy Plow
28:57 Imperial Age
26:20 Gold Mining
27:47 Wheelbarrow
26:59 Double-Bit Axe
27:09 Fletching
28:22 Gold Shaft Mining
28:00 Bow Saw
27:51 Bodkin Arrow
29:09 Ballistics
28:31 Treadmill Crane
29:02 Masonry
29:06 Yasama
29:56 Bracer
29:48 Arrowslits
30:57 Murder Holes
32:04 Chemistry
30:59 Guard Tower
32:11 Chemistry
31:07 Murder Holes
34:38 Squires
34:00 Pikeman
34:42 Halberdier
37:06 Keep
化学炼金法Al+Cu→Au+Cl
10:23 Feudal Age
12:22 Double-Bit Axe
14:39 Castle Age
12:37 Horse Collar
16:19 Bow Saw
16:10 Heavy Plow
21:28 Wheelbarrow
22:31 Gold Mining
22:33 Stone Mining
23:47 Stone Shaft Mining
28:06 Imperial Age
25:47 Fletching
26:26 Bodkin Arrow
27:10 Thumb Ring
26:57 Town Watch
27:32 Hand Cart
27:04 Loom
28:42 Padded Archer Armor
28:58 Bracer
29:26 Ballistics
30:06 Chemistry
31:23 Two-Man Saw
30:54 Town Patrol
32:36 Leather Archer Armor
33:50 Elite Rattan Archer
34:53 Paper Money
36:40 Ring Archer Armor
36:27 Caravan
36:38 Guilds
37:01 Treadmill Crane
洗心革面重新做人TownYan
10:25 Feudal Age
11:02 Double-Bit Axe
14:00 Castle Age
11:50 Horse Collar
15:53 Wheelbarrow
20:44 Bow Saw
21:58 Hand Cart
23:02 Heavy Plow
23:23 Gold Mining
23:30 Stone Mining
25:13 Gold Shaft Mining
25:01 Loom
25:01 Town Watch
28:51 Imperial Age
26:39 Fortified Wall
26:09 Treadmill Crane
27:12 Fletching
27:15 Guard Tower
27:46 Ballistics
27:49 Bodkin Arrow
28:53 Yasama
29:07 Masonry
28:54 Murder Holes
29:53 Bracer
30:29 Keep
30:55 Chemistry
29:43 Arrowslits
30:21 Scale Mail Armor
30:31 Forging
30:23 Squires
29:43 Pikeman
30:09 Arson
30:54 Kataparuto
31:10 Conscription
33:02 Hoardings
32:39 Caravan
32:42 Pikeman
33:38 Chain Mail Armor
33:59 Iron Casting
33:25 Halberdier
从不压堡之人
11:03 Feudal Age
14:56 Castle Age
13:03 Double-Bit Axe
13:22 Horse Collar
15:43 Wheelbarrow
16:12 Bow Saw
20:49 Town Watch
22:15 Loom
22:42 Heavy Plow
23:45 Hand Cart
25:18 Gold Mining
25:18 Stone Mining
28:24 Redemption
31:16 Imperial Age
28:54 Caravan
29:28 Ballistics
28:58 Fletching
29:55 Sanctity
29:45 Fervor
29:37 Husbandry
29:47 Bloodlines
29:35 Bodkin Arrow
31:05 Inquisition
31:42 Masonry
32:26 Stone Shaft Mining
33:10 Chemistry
32:21 Fortified Wall
33:43 Architecture
33:27 Guilds
33:27 Devotion
34:11 Theocracy
33:52 Block Printing
34:02 Illumination
33:29 Arrowslits
33:34 Guard Tower
34:25 Conscription
35:20 Bracer
35:26 Scale Barding Armor
36:21 Atonement
36:42 Faith
37:41 Supremacy
叫声乌鸦哥
10:07 Feudal Age
13:46 Castle Age
12:09 Double-Bit Axe
12:35 Horse Collar
14:55 Heavy Plow
21:44 Bow Saw
22:18 Gold Mining
23:12 Loom
25:20 Gold Shaft Mining
27:28 Imperial Age
25:25 Scale Mail Armor
26:39 Chain Mail Armor
26:34 Forging
26:50 Town Watch
27:23 Stone Mining
27:24 Treadmill Crane
28:03 Caravan
28:53 Plate Mail Armor
30:12 Two-Man Saw
31:11 Iron Casting
32:11 Siege Engineers
32:33 Conscription
32:14 Chieftains
33:17 Blast Furnace
32:08 Fletching
32:39 Onager
34:20 Chemistry
33:43 Ballistics
33:36 Elite Berserk
34:28 Bodkin Arrow
35:20 Squires
35:07 Arson
36:32 Coinage
36:20 Bracer
36:32 Masonry
36:58 Hoardings
Connection lost

Rejoining the realm…

Still unreachable

The connection could not be restored.

Session expired

The server has moved on; the page needs a fresh start.